 Dungeon Crawl Stone Soup version 0.29-a0-998-g1987434951 (webtiles) character file.

Game seed: 8968592506610766900

680 siradein the Changer (level 7, -7/46 HPs)
             Began as an Octopode Transmuter on Aug 5, 2022.
             Mangled by an ogre
             ... wielding a +0 giant spiked club
              (19 damage)
             ... on level 5 of the Dungeon.
             The game lasted 00:07:35 (6110 turns).

siradein the Changer (Octopode Transmuter)          Turns: 6110, Time: 00:07:36

Health: -7/46      AC:  1    Str:  9    XL:     7   Next: 60%
Magic:  11/13      EV: 17    Int: 17    God:
Gold:   271        SH:  0    Dex: 13    Spells: 8/15 levels left

rFire   . . .      SeeInvis .     - Unarmed
rCold   . . .      Faith    .   (no shield)
rNeg    . . .      Spirit   .   (helmet currently unavailable)
rPois   .          Reflect  .   (no amulet)
rElec   .          Harm     .   o - +4 ring of evasion
rCorr   .          Rampage  .   (no ring)
Will    .....                   (no ring)
Stlth   ++........              (no ring)
HPRegen 0.15/turn               (no ring)
MPRegen 0.13/turn               (no ring)
                                (no ring)
                                (no ring)

@: appendages, wereblooded
A: tentacle spike 3, almost no armour, amphibious, 8 rings, camouflage 1,
gelatinous body 1, (nimble swimmer 1), tentacles
a: End Transformation


You were on level 5 of the Dungeon.
One of your tentacles had grown a beastly spike.
You visited 1 branch of the dungeon, and saw 5 of its levels.

You collected 271 gold pieces.

Inventory:

Jewellery
 o - a +4 ring of evasion (left tentacle)
Scrolls
 f - a scroll of noise {unknown}
 g - 2 scrolls of poison {unknown}
 i - a scroll of enchant armour {unknown}
 l - 3 scrolls of identify {unknown}
 n - a scroll of blinking {unknown}
 p - a scroll of brand weapon {unknown}
Potions
 a - a potion of lignification
 b - 2 potions of heal wounds {unknown}
 c - 3 potions of mutation {unknown}
 d - a potion of attraction {unknown}
 e - 3 potions of curing {unknown}
 h - 2 potions of degeneration {unknown}
 j - a potion of resistance {unknown}
 k - 3 potions of haste {unknown}
 m - 2 potions of cancellation {unknown}
 q - a potion of flight {unknown}


   Skills:
 + Level 3.1 Fighting
 - Level 2.0 Dodging
 + Level 4.2 Unarmed Combat
 + Level 4.5 Spellcasting
 + Level 4.9 Transmutations
 + Level 1.6 Ice Magic


You had 8 spell levels left.
You knew the following spells:

 Your Spells              Type           Power      Damage    Failure   Level
a - Beastly Appendage     Tmut           40%        N/A       1%          1
b - Wereblood             Tmut           20%        N/A       3%          2
c - Ice Form              Ice/Tmut       15%        N/A       36%         4

Your spell library contained the following spells:

 Spells                   Type           Power      Damage    Failure   Level
 Summon Small Mammal      Summ           12%        N/A       16%         1
 Spider Form              Tmut/Pois      12%        N/A       16%         3
 Call Canine Familiar     Summ           3%         N/A       41%         3
 Summon Guardian Golem    Hex/Summ       3%         N/A       41%         3


Dungeon Overview and Level Annotations

Branches:
Dungeon (5/15)
 Temple: D:4-7

Altars:
Kikubaaqudgha

Shops:
D:1 =   D:2 !   D:4 (


Innate Abilities, Weirdness & Mutations

One of your tentacles has grown a beastly spike.
You cannot wear most types of armour.
You are amphibious.
You can wear up to eight rings at the same time.
Your skin changes colour to match your surroundings (Stealth+).
Your rubbery body absorbs attacks. (AC +1, EV +1)
((You are camouflaged when in or above water. (Stealth+)))
You have tentacles for arms and can constrict up to eight enemies at once.


Message History

You kill the gnoll!
An ogre comes into view. It is wielding a +0 giant spiked club.
The gnoll shouts!
The ogre shouts!
The gnoll closely misses you. The gnoll barely misses you.
Things that are here:
a +0 spear; a gnoll corpse You tentacle-slap the gnoll.
You grab the gnoll.
You pierce the gnoll.
The gnoll is heavily wounded.
You constrict the gnoll. The gnoll barely misses you.
The gnoll hits you with a +0 spear.
You tentacle-slap the gnoll.
You pierce the gnoll.
You feel a bit better.
You kill the gnoll!
The gnoll misses you.
Your Fighting skill increases to level 3!
You tentacle-slap the scorpion. You grab the scorpion.
You pierce the scorpion.
The scorpion is moderately wounded.
You constrict the scorpion, but do no damage.
The gnoll hits you from afar with a +0 halberd.
The white imp completely misses you. The scorpion completely misses you.
You tentacle-slap the scorpion. You squeeze the scorpion.
The scorpion is severely wounded.
You constrict the scorpion.
The gnoll hits you from afar with a +0 halberd!
The white imp misses you. The scorpion closely misses you.
You are too injured to fight recklessly!
You are too injured to fight recklessly!
You are too injured to fight recklessly!
You are too injured to fight recklessly!
Unknown command.
You tentacle-slap the scorpion but do no damage.
You pierce the scorpion.
You feel a bit better.
You kill the scorpion!
The white imp gestures at you. The puff of frost hits you!
The gnoll closely misses you.
You barely miss the ogre.
You pierce the ogre.
The ogre is lightly wounded.
The white imp hits you. The white imp freezes you.
* * * LOW HITPOINT WARNING * * *
The ogre hits you with a +0 giant spiked club!!
You die...

.. #. #........
.##.##.
#......^#
.....#.
#.......#
.......##......#
#.............#
#......#......#
#...gO5.......#
#@.>..###
#.....#.....#
#.###.###...##
#........#
#####....###
##.....#### #
###......##..
#####.###.....#
..............#


You could see an ogre, a gnoll and a white imp.

Vanquished Creatures
  Sigmund (D:3)
  A black bear (D:4)
  2 scorpions
  A vampire bat (D:4)
  A hound (D:4)
  A jelly (D:4)
  2 orc wizards
  Robin (D:4)
  2 gnolls (D:5)
  3 adders
  A worm (D:2)
  11 orcs
  5 bats
  3 bat skeletons (D:4)
  2 bat zombies (D:4)
  10 endoplasms
  2 giant cockroaches (D:3)
  11 hobgoblins
  9 jackals
  6 kobolds
  4 quokkas
  8 ball pythons
  2 frilled lizards
  13 goblins
  A rat (D:1)
103 creatures vanquished.

Notes
Turn   | Place    | Note
-------+----------+-------------------------------------------
     0 | D:1      | siradein the Octopode Transmuter began the quest for the
                  | Orb.
     0 | D:1      | Reached XP level 1. HP: 13/13 MP: 3/3
    38 | D:1      | Found Cevem's Jewellery Boutique.
    74 | D:1      | Found a faded altar of an unknown god.
   217 | D:1      | Reached XP level 2. HP: 14/18 MP: 5/5
   836 | D:1      | Reached XP level 3. HP: 20/23 MP: 4/6
  1010 | D:1      | Learned a level 2 spell: Wereblood
  1061 | D:2      | Found Reotzu's Distillery.
  1964 | D:2      | Reached XP level 4. HP: 20/28 MP: 6/8
  3041 | D:3      | HP: 1/28 [orc wizard/+0 dagger (3)]
  3391 | D:3      | Reached XP level 5. HP: 33/33 MP: 8/10
  3675 | D:3      | Identified the +4 pair of gloves of Kociuliow {Drain Will+
                  | Int+3 Stlth+}
  4151 | D:3      | Noticed Sigmund
  4167 | D:3      | Killed Sigmund
  4168 | D:3      | Reached XP level 6. HP: 27/39 MP: 8/11
  4810 | D:4      | Learned a level 4 spell: Ice Form
  5303 | D:4      | Noticed Robin
  5331 | D:4      | Killed Robin
  5332 | D:4      | Reached XP level 7. HP: 23/45 MP: 13/13
  5685 | D:4      | Found Sulesmei's Antique Weapon Emporium.
  5753 | D:4      | Found an ancient bone altar of Kikubaaqudgha.
  5770 | D:4      | Reached skill level 1 in Ice Magic
  6083 | D:5      | Entered Level 5 of the Dungeon
  6110 | D:5      | Mangled by an ogre

Illustrated notes

Levels and vault maps discovered:
D:1:      dpeg_arrival_short_road, layout_basic,
          hellmonk_ecumenical_altar_lost_god, serial_shops, shop_statue
D:2:      layout_loops_corners, serial_shops, nicolae_shop_statue_plus
D:3:      layout_basic, uniq_sigmund
D:4:      black_bear_nest_2, layout_basic, kennysheep_vampire_church,
          serial_shops, shop_statue, uniq_robin
D:5:      layout_rooms, minmay_temple_entry_drinking_statues, minivault_19

Skill      XL: |  1  2  3  4  5  6  7 |
---------------+----------------------+-----
Transmutations | 3 4 |  4.9
Spellcasting   | 3 4 |  4.5
Fighting       | 2 3 |  3.1
Unarmed Combat | 4 |  4.2
Ice Magic      | 1 |  1.6
Dodging        | |  2.0

Action                   |  1- 3 |  4- 6 |  7- 9 || total
-------------------------+-------+-------+-------++-------
Melee: Unarmed           |    70 |   139 |    38 ||   247
       Kick              |    31 |    57 |    15 ||   103
       Constrict         |    17 |    40 |    11 ||    68
       Tentacles         |    15 |    22 |     7 ||    44
       Punch             |     3 |     5 |     1 ||     9
 Cast: Beastly Appendage |    19 |    23 |     5 ||    47
       Wereblood         |       |     2 |     3 ||     5
 Stab: Sleeping          |     3 |     4 |     1 ||     8
Armor: Skin              |     4 |    10 |     7 ||    21
Dodge: Dodged            |    31 |   113 |    69 ||   213

Table legend: (Time is in decaauts)
 A = Elapsed time spent in this place.
 B = Non-inter-level travel time spent in this place.
 C = Inter-level travel time spent in this place.
 D = Time resting spent in this place.
 E = Time spent auto-exploring this place.
 F = Levels seen in this place.
 G = Mean time per level.
                   A        B        C        D        E       F      G
               +--------+--------+--------+--------+--------+-----+--------+
         Total |   6092 |   5960 |    132 |      0 |   5371 |   5 | 1218.4 |
       Dungeon |   6092 |   5960 |    132 |      0 |   5371 |   5 | 1218.4 |
               +--------+--------+--------+--------+--------+-----+--------+

Top non-repeatable levels by time:
     D:2: 1705 daAuts
     D:3: 1666 daAuts
     D:4: 1661 daAuts
     D:1: 1033 daAuts
     D:5: 26 daAuts
